 Dungeon Crawl Stone Soup version 0.16-a0-119-gc74d62a (webtiles) character file.

42211 Chiseanne the Imperceptible (level 13, -6/61 HPs)
             Began as a Spriggan Assassin on Aug 10, 2014.
             Was the Champion of Okawaru.
             Splashed by an oklob plant's acid (8 damage)
             ... on Level 2 of the Lair of Beasts on Aug 12, 2014.
             The game lasted 02:35:40 (28759 turns).

Chiseanne the Imperceptible (Spriggan Assassin)    Turns: 28759, Time: 02:35:40

HP  -6/61        AC -10    Str  7      XL: 13   Next: 84%
MP  22/22        EV 35     Int 16      God: Okawaru [******]
Gold 1496        SH  0     Dex 23      Spells:  4 memorised,  5 levels left

rFire  . . .     SeeInvis +     d - +10 broad axe of Zupoisu {speed, MR+ Int+4}
rCold  . . .     Clarity  +     r - troll hide
rNeg   . . .     rCorr    .     (shield restricted)
rPois  .         rRot     .     j - +2 hat
rElec  .         Spirit   .     q - +0 cloak
SustAb .         Warding  .     (gloves unavailable)
rMut   .         Stasis   .     (boots unavailable)
Gourm  .                        J - amulet of clarity
MR     +++..                    (no ring)
                                g - ring of invisibility

@: corroded equipment, very quick, extremely resistant to hostile enchantments,
incredibly stealthy
A: unfitting armour, see invisible, herbivore 3, speed 3, slow metabolism 2
a: Heroism, Finesse, Renounce Religion, Evoke Invisibility


You were on level 2 of the Lair of Beasts.
You worshipped Okawaru.
Okawaru was exalted by your worship.
You were not hungry.

You visited 4 branches of the dungeon, and saw 18 of its levels.
You also visited: Ice Cave.

You collected 2210 gold pieces.
You spent 714 gold pieces at shops.

Inventory:

Hand weapons
 a - a +5 dagger of stabbing
 d - the +10 broad axe of Zupoisu (weapon) {speed, MR+ Int+4}
   (You found it on level 10 of the Dungeon)

   Attacks with this weapon are significantly faster.
   It affects your intelligence (+4).
   It affects your resistance to hostile enchantments.
 w - a +0 blowgun
Missiles
 e - 10 poisoned needles
 v - 2 tomahawks of returning (quivered)
 C - 65 tomahawks
 W - 6 curare-tipped needles
Armour
 j - a +2 hat (worn)
 q - a +0 cloak (worn)
 r - a troll hide (worn)
Magical devices
 t - a wand of draining (4)
 z - a wand of hasting (0)
 S - a wand of disintegration (3)
Comestibles
 p - 6 bread rations
Scrolls
 m - 3 scrolls of magic mapping
 x - 3 scrolls of fog
 A - 2 scrolls of teleportation
 V - 3 scrolls of remove curse
Jewellery
 c - an uncursed ring of fire
 g - a ring of invisibility (left hand)
 J - an amulet of clarity (around neck)
Potions
 n - 4 potions of cancellation
 T - 2 potions of restore abilities
 U - 2 potions of resistance
 X - 2 potions of curing
Miscellaneous
 i - a sack of spiders {used: 6}


   Skills:
 - Level 4.2 Fighting
 - Level 10.9 Short Blades
 - Level 2.1 Axes
 - Level 2.1 Throwing
 - Level 19.4 Dodging
 * Level 21.9 Stealth


You had 5 spell levels left.
You knew the following spells:

 Your Spells              Type           Power        Failure   Level  Hunger
a - Apportation           Tloc           #.........   24%         1    ##.....
b - Blink                 Tloc           N/A          38%         2    ###....
c - Shroud of Golubria    Chrm/Tloc      #.........   38%         2    ###....
d - Stoneskin             Trmt/Erth      #.......     38%         2    ###....


Dungeon Overview and Level Annotations

Branches:
Dungeon (11/15)            Temple (1/1) D:6             Orc (4/4) D:10
    Elf (0/3) Orc:3          Lair (2/8) D:11

Altars:
Ashenzari
Cheibriados
Dithmenos
Elyvilon
Fedhas
Gozag
Kikubaaqudgha
Makhleb
Nemelex Xobeh
Okawaru
Qazlal
Sif Muna
Trog
Vehumet
Xom
Yredelemnul
Zin
The Shining One
Beogh

Shops:
D:9 *   Orc:4 :*[(

Portals:
Trove: D:10 (give 2 potions of cure mutation)

Annotations:
D:4 ThermosAquaticus' ghost, experienced HECj
D:8 Mygna's ghost, experienced FoFi
Lair:2 exclusion: 2 oklob plants


Innate Abilities, Weirdness & Mutations

You are tiny and cannot use many weapons and most armour.
You have supernaturally acute eyesight.
You are a herbivore.
You cover ground extremely quickly.
You need consume almost no food.


Message History

You hit the oklob plant but do no damage.
The oklob plant is moderately damaged.
The oklob plant spits acid at you. The splash of acid hits you!
The acid burns!
You hit the oklob plant.
The oklob plant is heavily damaged.
You slash the oklob plant!
The oklob plant is moderately damaged.
You slash the oklob plant!
The oklob plant is heavily damaged.
You slash the oklob plant!
The oklob plant is heavily damaged.
The oklob plant spits acid at you. The splash of acid misses you.
The splash of acid hits the plant.
The oklob plant spits acid at you. The splash of acid hits you!
The acid corrodes your equipment!
The acid burns!
* * * LOW HITPOINT WARNING * * *
The oklob plant spits acid at you. The splash of acid hits you!
The acid corrodes your equipment!
The acid burns!
You die...

##### ######.PP#
#.#.###.)#
#..#..@)=#
####P..##PPP## #
##......#.....#
##.#............##
#..............#.#
##P.............###
#.........<.....#
............[##..#
........$....#P.#


You could see 2 oklob plants.

Vanquished Creatures
  2 orc warlords
  2 hydras
  Fannar (D:10)
  Nergalle (D:10)
  4 orc high priests
  Erolcha (D:8)
  An unseen horror (D:11)
  An ice statue (IceCv)
  Pikel (D:7)
  A necromancer (IceCv)
  An ugly thing (D:11)
  6 orc knights
  6 orc sorcerers
  The ghost of runewalsh the Frost Mage, an experienced OpIE of Vehumet (D:6)
  Maurice (Orc:4)
  Joseph (Orc:4)
  A torpor snail (shapeshifter) (D:11)
  A gargoyle (D:10)
  5 spiny frogs (Lair:1)
  A feature mimic (Orc:1)
  Psyche (D:10)
  A komodo dragon (Lair:1)
  3 trolls
  10 freezing wraiths (IceCv)
  Sonja (Orc:2)
  Prince Ribbit (D:7)
  3 deep elf magi
  A wolf spider simulacrum (IceCv)
  A basilisk (Lair:1)
  17 yaks
  A human (D:8)
  Eustachio (D:7)
  2 wyverns
  Grum (D:8)
  3 hippogriffs
  3 wolves
  3 wargs (Orc:1)
  7 porcupines (Lair:1)
  A slave (D:7)
  53 orc warriors
  3 sky beasts
  3 water moccasins (Lair:1)
  12 ice beasts
  A black bear (D:10)
  9 ogres
  4 centaurs
  2 crocodiles
  4 giant frogs
  A big kobold (D:9)
  5 scorpions
  17 killer bees
  4 hounds
  2 vampire bats (D:3)
  3 draconian simulacra (IceCv)
  3 goliath beetles
  A jelly (D:10)
  45 orc wizards
  Crazy Yiuf (D:6)
  A centaur skeleton (D:4)
  3 crimson imps
  38 orc priests
  3 spriggan simulacra (IceCv)
  A wolf simulacrum (IceCv)
  9 worker ants
  4 iguanas
  6 troll simulacra (IceCv)
  2 polar bear simulacra (IceCv)
  3 sheep (D:8)
  A big kobold zombie (D:9)
  Ijyb (D:4)
  6 centaur simulacra (IceCv)
  2 ogre skeletons
  An ogre simulacrum (IceCv)
  11 adders
  15 gnolls
  2 shadow imps
  A scorpion zombie (D:6)
  23 white imps
  3 giant mites
  11 green rats
  A naga simulacrum (IceCv)
  A worm (D:2)
  An adder zombie (D:9)
  2 orc zombies
  10 giant geckos
  215 orcs
  13 bats
  3 bat skeletons (D:3)
  4 bat zombies (D:3)
  18 goblins
  19 hobgoblins
  26 jackals
  8 quokkas
  A ball python (D:5)
  5 giant cockroaches
  10 giant newts
  21 kobolds
  A kobold skeleton (D:6)
  20 rats
  A rat skeleton (D:7)
  45 fungi (D:11)
  59 plants (D:11)
904 creatures vanquished.

Vanquished Creatures (collateral kills)
  An orc knight (Orc:3)
  2 orc warriors (Orc:3)
  An ice beast (IceCv)
  3 orc wizards (Orc:3)
  2 orcs (Orc:3)
9 creatures vanquished.

Vanquished Creatures (others)
  9 spiders
  A phantom (D:7)
  An ogre (D:7)
  An orc priest (D:7)
  A white imp (Orc:4)
  6 fungi (D:11)
  A plant (D:11)
20 creatures vanquished.

Grand Total: 933 creatures vanquished

Notes
Turn   | Place    | Note
--------------------------------------------------------------
     0 | D:1      | Chiseanne, the Spriggan Assassin, began the quest for the Orb.
     0 | D:1      | Reached XP level 1. HP: 10/10 MP: 2/2
    17 | D:1      | Reached skill level 6 in Stealth
   429 | D:1      | Reached XP level 2. HP: 14/14 MP: 4/4
   859 | D:1      | Reached skill level 7 in Stealth
   965 | D:1      | Reached XP level 3. HP: 18/18 MP: 6/6
  1548 | D:2      | Reached XP level 4. HP: 22/22 MP: 8/8
  2296 | D:3      | Reached skill level 8 in Stealth
  2716 | D:3      | Found a glowing golden altar of the Shining One.
  2765 | D:3      | Reached XP level 5. HP: 25/25 MP: 10/10
  2873 | D:3      | Found an ancient bone altar of Kikubaaqudgha.
  2917 | D:3      | Reached skill level 5 in Dodging
  3308 | D:3      | Reached XP level 6. HP: 30/30 MP: 12/12
  3607 | D:4      | Noticed ThermosAquaticus' ghost (experienced HECj)
  3736 | D:4      | Reached skill level 9 in Stealth
  4566 | D:4      | Reached XP level 7. HP: 20/33 MP: 14/14
  4687 | D:4      | Found a deep blue altar of Sif Muna.
  5433 | D:5      | Entered Level 5 of the Dungeon
  5459 | D:5      | Noticed Ijyb
  5507 | D:4      | Killed Ijyb
  5527 | D:5      | Reached skill level 5 in Short Blades
  5588 | D:5      | Found a radiant altar of Vehumet.
  6195 | D:5      | Got a brightly glowing cloak
  6207 | D:5      | Identified the cursed -1 cloak of the Morning Star {rC+} (You found it on level 5 of the Dungeon)
  6436 | D:5      | Reached skill level 10 in Stealth
  6841 | D:6      | Reached XP level 8. HP: 34/37 MP: 16/16
  7140 | D:6      | Reached skill level 11 in Stealth
  7181 | D:6      | Noticed runewalsh's ghost (experienced OpIE)
  7183 | D:6      | Found a staircase to the Ecumenical Temple.
  7194 | Temple   | Entered the Ecumenical Temple
  7370 | Temple   | Became a worshipper of Warmaster Okawaru
  7967 | D:6      | Killed runewalsh's ghost
  7967 | D:6      | Acquired Okawaru's first power
  7967 | D:6      | Reached skill level 12 in Stealth
  8199 | D:6      | Noticed Crazy Yiuf
  8230 | D:6      | Killed Crazy Yiuf
  8499 | D:6      | Reached XP level 9. HP: 41/41 MP: 18/18
  8582 | D:7      | Noticed Pikel
  8589 | D:7      | Killed Pikel
  8589 | D:7      | Reached skill level 10 in Dodging
  8589 | D:7      | Reached skill level 13 in Stealth
  8965 | D:7      | Found a sparkling altar of Nemelex Xobeh.
  8967 | D:7      | Noticed Eustachio
  9011 | D:7      | Killed Eustachio
  9011 | D:7      | Reached skill level 14 in Stealth
  9190 | D:7      | Found a blossoming altar of Fedhas.
  9192 | D:7      | Noticed Prince Ribbit
  9200 | D:7      | Killed Prince Ribbit
  9252 | D:7      | Noticed an angel
  9253 | D:7      | Found a glowing silver altar of Zin.
  9651 | D:8      | Noticed Mygna's ghost (experienced FoFi)
 10157 | D:8      | Got a crude war axe
 10206 | D:8      | Reached XP level 10. HP: 42/46 MP: 19/19
 10361 | D:8      | Noticed Grum
 11390 | D:8      | Noticed Erolcha
 11393 | D:8      | Killed Erolcha
 11393 | D:8      | Reached skill level 15 in Stealth
 11431 | D:8      | Killed Grum
 11951 | D:9      | Found Majauj's General Store.
 12077 | D:9      | Bought a scroll of holy word for 97 gold pieces
 12077 | D:9      | Bought a scroll of recharging for 123 gold pieces
 12077 | D:9      | Bought a potion of haste for 91 gold pieces
 12077 | D:9      | Bought a potion of curing for 26 gold pieces
 12077 | D:9      | Bought a bread ration for 65 gold pieces
 12648 | D:10     | Entered Level 10 of the Dungeon
 12648 | D:10     | Noticed Fannar
 12703 | D:10     | Killed Fannar
 12703 | D:10     | Acquired Okawaru's second power
 12703 | D:10     | Reached XP level 11. HP: 17/49 MP: 20/20
 12784 | D:10     | Got a polished dagger
 12785 | D:10     | Identified the cursed +0 dagger "King" {stab, +Inv rC++ rN+} (You found it on level 10 of the Dungeon)
 12787 | D:10     | Found a staircase to the Orcish Mines.
 12810 | D:10     | Noticed Nergalle
 12834 | D:9      | Upgraded the game from 0.16-a0-110-ge8ded92 to 0.16-a0-113-gc8d9654
 13054 | D:10     | Got an ebony broad axe
 13100 | D:10     | Noticed Psyche
 13299 | D:11     | Noticed an unseen horror
 13338 | D:11     | Reached skill level 16 in Stealth
 13344 | D:11     | Received a gift from Okawaru
 13344 | D:11     | Reached skill level 10 in Short Blades
 13347 | D:11     | Got an ancient robe {god gift}
 13404 | D:11     | Identified the +0 robe of Untold Secrets {god gift, rElec MR++} (Okawaru gifted it to you on level 11 of the Dungeon)
 13422 | D:11     | Noticed a six-headed hydra
 13482 | D:11     | HP: 2/49 [red ugly thing (16)]
 13532 | D:10     | Found a portal to a secret trove of treasure.
 13561 | D:10     | Killed Psyche
 13939 | D:11     | Killed an unseen horror
 13953 | D:11     | Reached skill level 15 in Dodging
 14526 | D:11     | Reached skill level 17 in Stealth
 14688 | D:11     | Found a staircase to the Lair.
 14990 | D:11     | HP: 1/49 [orc knight/dire flail (15)]
 15330 | D:11     | Found a roughly hewn altar of Beogh.
 15765 | Lair:1   | Entered Level 1 of the Lair of Beasts
 15792 | Lair:1   | Identified the +3 war axe of No Interval {venom, *Tele rElec rN+ MR+ SInv} (You found it on level 8 of the Dungeon)
 15793 | Lair:1   | Identified the +10 broad axe of Zupoisu {speed, MR+ Int+4} (You found it on level 10 of the Dungeon)
 15877 | Lair:1   | HP: 1/49 [spiny frog (15)]
 15915 | Lair:1   | Got a bloodstained falchion
 16276 | Lair:1   | Received a gift from Okawaru
 16327 | Lair:1   | Identified the +10 falchion of Trog's Indignation {flame, -Tele rF++ Int+3} (You found it on level 1 of the Lair of Beasts)
 16467 | Lair:1   | Reached skill level 18 in Stealth
 16467 | Lair:1   | Reached XP level 12. HP: 53/53 MP: 21/21
 16577 | Lair:1   | Received a gift from Okawaru
 16660 | Lair:1   | Noticed a six-headed hydra
 16680 | Lair:1   | Killed a hydra
 16989 | D:11     | Killed a hydra
 16989 | D:11     | Received a gift from Okawaru
 16989 | D:11     | Reached skill level 19 in Stealth
 17240 | D:11     | Reached skill level 1 in Axes
 17705 | Orc:1    | Entered Level 1 of the Orcish Mines
 18527 | Orc:1    | Found Ske Kanu's Magic Scroll Shoppe.
 18533 | Orc:1    | Ske Kanu's Magic Scroll Shoppe was a mimic.
 18594 | Orc:1    | Found a roughly hewn altar of Beogh.
 18823 | Orc:1    | Learned a level 1 spell: Apportation
 18826 | Orc:1    | Learned a level 2 spell: Blink
 18829 | Orc:1    | Learned a level 2 spell: Shroud of Golubria
 19154 | Orc:2    | Noticed Sonja
 19160 | Orc:2    | Killed Sonja
 19464 | Orc:2    | Found a roughly hewn altar of Beogh.
 20073 | Orc:3    | Found a staircase to the Elven Halls.
 20128 | Orc:3    | Noticed an orc warlord
 20178 | Orc:2    | Received a gift from Okawaru
 20381 | Orc:3    | Killed an orc warlord
 20832 | Orc:3    | Reached skill level 20 in Stealth
 21213 | Orc:3    | Found a roughly hewn altar of Beogh.
 22234 | Orc:3    | Gained mutation: You have sharp toenails. [potion of beneficial mutation]
 22255 | Orc:3    | Lost mutation: You have sharp toenails. [potion of cure mutation]
 22507 | Orc:4    | Entered Level 4 of the Orcish Mines
 22509 | Orc:4    | Found a frozen archway.
 22536 | IceCv    | Entered an ice cave
 22617 | IceCv    | Reached XP level 13. HP: 34/58 MP: 22/22
 22828 | IceCv    | Found an ancient bone altar of Kikubaaqudgha.
 22901 | IceCv    | HP: 1/59 [freezing wraith (6)]
 23859 | IceCv    | Identified Ocon's Guide on the Hurtful Snowflakes
 24353 | Orc:4    | Noticed Joseph
 24360 | Orc:4    | Killed Joseph
 24360 | Orc:4    | Received a gift from Okawaru
 24461 | Orc:4    | Noticed Maurice
 24468 | Orc:4    | Killed Maurice
 25009 | Orc:3    | Upgraded the game from 0.16-a0-113-gc8d9654 to 0.16-a0-119-gc74d62a
 25030 | Orc:3    | Received a gift from Okawaru
 25371 | Orc:4    | Reached skill level 21 in Stealth
 25646 | Orc:4    | Noticed an orc warlord
 25909 | Orc:4    | Killed an orc warlord
 27455 | Orc:4    | Found Shroggao's General Store.
 27457 | Orc:4    | Found Doikhlaekh's Book Shop.
 27461 | Orc:4    | Found Legunogaan's Antique Armour Shop.
 27461 | Orc:4    | Found Doufriph's Antique Weapon Boutique.
 27608 | Orc:4    | HP: 3/61 [ice devil[an orc high priest] (25)]
 27921 | Orc:4    | Bought a scroll of teleportation for 48 gold pieces
 27936 | Orc:4    | Bought an encrusted falchion for 264 gold pieces
 27938 | Orc:4    | Identified the +7 falchion of Due Proportion {flame, rC+ Dex+4} (You bought it in a shop on level 4 of the Orcish Mines)
 28173 | D:10     | Killed Nergalle
 28285 | Lair:1   | Learned a level 2 spell: Stoneskin
 28758 | Lair:2   | HP: 2/61 [oklob plant/splash of acid (18)]
 28759 | Lair:2   | Splashed by an oklob plant's acid

Action                   |  1- 3 |  4- 6 |  7- 9 | 10-12 | 13-15 || total
-------------------------+-------+-------+-------+-------+-------++-------
Melee: Dagger            |    13 |       |    62 |  1016 |   750 ||  1841
       Spear             |    32 |       |       |       |       ||    32
       Short sword       |    83 |   333 |   425 |   309 |       ||  1150
       Broad axe         |       |       |       |   504 |    97 ||   601
       Falchion          |       |       |       |    30 |       ||    30
 Fire: Blowgun           |     2 |    22 |    74 |   333 |   121 ||   552
Throw: Tomahawk          |       |       |       |    44 |   121 ||   165
Invok: Heroism           |       |       |       |     4 |       ||     4
Evoke: Wand              |       |       |    13 |     5 |    11 ||    29
       Sack of spiders   |       |       |       |     4 |     4 ||     8
  Use: Scroll            |       |    11 |     8 |    10 |       ||    29
       Potion            |       |       |     4 |    22 |       ||    26
 Stab: Sleeping          |    13 |    12 |    24 |    53 |    29 ||   131
       Distracted        |     1 |       |     3 |    15 |     9 ||    28
       Invisible         |       |       |       |     5 |       ||     5
       Fleeing           |       |       |       |     1 |       ||     1
  Eat: Pizza             |       |     1 |       |     9 |       ||    10
       Bread ration      |       |       |     1 |     1 |     2 ||     4
       Royal jelly       |       |       |       |     1 |       ||     1
